[ PARTIDA AOE2 · #506447941 ]
UnrankedEslavos vs Burmese
Equipo del jugador · DERR
Equipo rival · VICT
[ ANÁLISIS DE REPETICIÓN · EXTRAÍDO DE LA PARTIDA GRABADA ]
Feudal
12:53
Castillos
16:23
Imperial
27:19
| APM promedio | 20.1 |
| APM pico | 49 |
| eAPM promedio | 14.3 |
| Aldeanos / militares | 134 / 300 |
Foco
⚔️ 31.7% · 🌾 68.3%
Militia ×124 · Spearman ×69 · Scout Cavalry ×60 · Boyar ×30 · Mangonel ×13 · Monk ×2
Feudal
12:20
Castillos
18:24
Imperial
31:13
| APM promedio | 19.1 |
| APM pico | 47 |
| eAPM promedio | 15.9 |
| Aldeanos / militares | 157 / 381 |
Foco
⚔️ 39.0% · 🌾 61.0%
Militia ×221 · Spearman ×116 · Arambai ×23 · Bombard Cannon ×16 · Trebuchet (Packed) ×4 · Monk ×1
Mapa de la partida
Recursos iniciales + cada clic de construcción. Líneas = muros · curvas = relieve. ◆ oro · ⬟ piedra · ● bayas · ✦ reliquia · ◌ hueco del cierre
Tu base· ✓ Cerrada en 16:23 · 12t muro · sin puerta
Base de rascal· ✓ Cerrada en 18:24 · 10t muro · sin puerta
Terreno inicial suavizado · ◌ = hueco del cierre detectado · pasá el cursor para detalles
Inputs por minuto
— princofczech - - rascal
Build order — princofczech
Primeras 150 de 402 acciones detectadas
| 0:01 | Encolar | Villager (Male) |
| 0:01 | Encolar | Villager (Male) |
| 0:08 | Construir | House |
| 0:10 | Construir | House |
| 0:38 | Encolar | Villager (Male) |
| 0:38 | Encolar | Villager (Male) |
| 1:57 | Encolar | Villager (Male) |
| 2:06 | Construir | Palisade Wall |
| 2:40 | Encolar | Villager (Male) |
| 2:41 | Encolar | Villager (Male) |
| 2:53 | Construir | House |
| 3:23 | Encolar | Villager (Male) |
| 3:24 | Encolar | Villager (Male) |
| 3:32 | Construir | Palisade Wall |
| 3:58 | Encolar | Villager (Male) |
| 4:35 | Encolar | Villager (Male) |
| 4:49 | Construir | Lumber Camp |
| 5:11 | Encolar | Villager (Male) |
| 5:11 | Encolar | Villager (Male) |
| 6:08 | Encolar | Villager (Male) |
| 6:08 | Encolar | Villager (Male) |
| 6:08 | Encolar | Villager (Male) |
| 6:22 | Construir | House |
| 6:26 | Construir | Mill |
| 6:49 | Encolar | Villager (Male) |
| 6:50 | Encolar | Villager (Male) |
| 7:40 | Encolar | Villager (Male) |
| 7:40 | Encolar | Villager (Male) |
| 7:40 | Encolar | Villager (Male) |
| 8:34 | Encolar | Villager (Male) |
| 8:47 | Encolar | Villager (Male) |
| 8:55 | Construir | House |
| 9:02 | Construir | House |
| 9:33 | Encolar | Villager (Male) |
| 9:51 | Encolar | Villager (Male) |
| 10:09 | Investigar | Feudal Age |
| 10:25 | Construir | Mining Camp |
| 10:57 | Construir | Mill |
| 11:21 | Encolar | Villager (Male) |
| 11:21 | Encolar | Villager (Male) |
| 12:53 | Edad | Edad Feudal |
| 13:00 | Construir | Market |
| 13:04 | Construir | Blacksmith |
| 13:19 | Investigar | Double-Bit Axe |
| 13:38 | Investigar | Castle Age |
| 13:50 | Investigar | Horse Collar |
| 14:24 | Construir | House |
| 14:25 | Construir | House |
| 14:26 | Construir | House |
| 14:27 | Construir | House |
| 14:29 | Construir | House |
| 14:29 | Construir | House |
| 15:04 | Construir | Farm |
| 15:05 | Construir | Farm |
| 15:06 | Construir | Farm |
| 15:11 | Construir | Farm |
| 15:16 | Construir | Farm |
| 15:17 | Construir | Farm |
| 16:05 | Encolar | Villager (Male) |
| 16:05 | Encolar | Villager (Male) |
| 16:09 | Investigar | Loom |
| 16:23 | Edad | Edad de los Castillos |
| 16:27 | Construir | Town Center |
| 16:37 | Encolar | Villager (Male) |
| 17:13 | Construir | Town Center |
| 17:18 | Encolar | Villager (Male) |
| 17:44 | Investigar | Bow Saw |
| 18:00 | Encolar | Villager (Male) |
| 18:11 | Encolar | Villager (Male) |
| 18:11 | Encolar | Villager (Male) |
| 18:12 | Encolar | Villager (Male) |
| 18:19 | Investigar | Stone Mining |
| 18:27 | Encolar | Villager (Male) |
| 18:28 | Encolar | Villager (Male) |
| 18:29 | Encolar | Villager (Male) |
| 18:42 | Encolar | Villager (Male) ×5 |
| 18:46 | Investigar | Heavy Plow |
| 19:16 | Construir | Farm |
| 19:19 | Construir | Farm |
| 19:20 | Construir | Farm |
| 19:21 | Construir | Farm |
| 19:23 | Construir | Farm |
| 19:30 | Construir | Farm |
| 19:32 | Construir | Farm |
| 19:39 | Construir | Farm |
| 19:44 | Encolar | Villager (Male) |
| 19:50 | Construir | Farm |
| 19:51 | Construir | Farm |
| 19:52 | Construir | Farm |
| 20:03 | Encolar | Villager (Male) |
| 20:04 | Encolar | Villager (Male) |
| 20:11 | Encolar | Villager (Male) |
| 20:14 | Construir | Farm |
| 20:15 | Construir | Farm |
| 20:31 | Encolar | Villager (Male) |
| 20:43 | Investigar | Wheelbarrow |
| 20:53 | Encolar | Villager (Male) |
| 20:53 | Encolar | Villager (Male) |
| 20:55 | Encolar | Villager (Male) |
| 21:10 | Encolar | Villager (Male) |
| 21:15 | Encolar | Villager (Male) |
| 21:20 | Construir | Farm |
| 21:22 | Construir | Farm |
| 21:30 | Construir | Farm |
| 21:31 | Construir | Farm |
| 21:32 | Construir | Farm |
| 21:53 | Construir | Monastery |
| 22:01 | Encolar | Villager (Male) ×5 |
| 22:19 | Construir | University |
| 22:25 | Encolar | Villager (Male) ×5 |
| 22:42 | Encolar | Monk |
| 23:05 | Construir | Farm |
| 23:09 | Construir | Farm |
| 23:12 | Encolar | Villager (Male) |
| 23:19 | Encolar | Villager (Male) |
| 23:59 | Construir | Castle |
| 24:09 | Investigar | Imperial Age |
| 24:14 | Encolar | Villager (Male) |
| 24:29 | Construir | Mining Camp |
| 24:34 | Construir | Outpost |
| 24:38 | Construir | Outpost |
| 24:39 | Construir | Outpost |
| 24:46 | Construir | House |
| 24:48 | Construir | House |
| 24:48 | Construir | House |
| 24:51 | Investigar | Gold Mining |
| 24:53 | Encolar | Villager (Male) |
| 24:53 | Encolar | Villager (Male) |
| 25:01 | Construir | Mining Camp |
| 25:06 | Investigar | Town Watch |
| 25:15 | Construir | Outpost |
| 25:30 | Construir | Outpost |
| 25:37 | Construir | Outpost |
| 25:42 | Construir | Outpost |
| 25:44 | Construir | Outpost |
| 25:46 | Construir | Outpost |
| 25:54 | Encolar | Villager (Male) ×5 |
| 26:04 | Investigar | Scale Mail Armor |
| 26:06 | Investigar | Fletching |
| 26:15 | Encolar | Monk |
| 26:23 | Construir | Siege Workshop |
| 26:28 | Construir | Siege Workshop |
| 26:31 | Construir | Siege Workshop |
| 26:37 | Construir | Barracks |
| 26:40 | Construir | Barracks |
| 26:41 | Construir | Barracks |
| 26:43 | Construir | Barracks |
| 26:43 | Construir | Barracks |
| 26:45 | Construir | Barracks |
| 26:46 | Construir | Barracks |
Build order — rascal
Primeras 150 de 562 acciones detectadas
| 0:01 | Encolar | Villager (Male) |
| 0:01 | Encolar | Villager (Male) |
| 0:02 | Encolar | Villager (Male) |
| 0:02 | Encolar | Villager (Male) |
| 0:02 | Encolar | Villager (Male) |
| 0:04 | Construir | House |
| 0:07 | Construir | House |
| 0:10 | Investigar | Loom |
| 0:10 | Encolar | Villager (Male) |
| 0:11 | Encolar | Villager (Male) |
| 0:11 | Encolar | Villager (Male) |
| 0:54 | Encolar | Villager (Male) |
| 0:55 | Encolar | Villager (Male) |
| 1:35 | Construir | Palisade Wall |
| 2:42 | Construir | Palisade Wall |
| 2:42 | Encolar | Villager (Male) |
| 3:09 | Encolar | Villager (Male) |
| 3:41 | Construir | Lumber Camp |
| 3:48 | Encolar | Villager (Male) |
| 3:48 | Encolar | Villager (Male) |
| 4:19 | Encolar | Villager (Male) |
| 4:19 | Encolar | Villager (Male) |
| 4:48 | Encolar | Villager (Male) |
| 4:48 | Encolar | Villager (Male) |
| 5:01 | Encolar | Villager (Male) |
| 5:02 | Encolar | Villager (Male) |
| 5:07 | Construir | House |
| 5:22 | Encolar | Villager (Male) |
| 5:22 | Encolar | Villager (Male) |
| 5:46 | Construir | Mill |
| 5:57 | Encolar | Villager (Male) |
| 5:57 | Encolar | Villager (Male) |
| 6:24 | Encolar | Villager (Male) |
| 6:24 | Encolar | Villager (Male) |
| 6:58 | Encolar | Villager (Male) |
| 6:58 | Encolar | Villager (Male) |
| 6:59 | Encolar | Villager (Male) |
| 7:18 | Construir | House |
| 7:33 | Encolar | Villager (Male) |
| 7:33 | Encolar | Villager (Male) |
| 7:35 | Construir | Mining Camp |
| 8:06 | Encolar | Villager (Male) |
| 8:58 | Encolar | Villager (Male) |
| 9:09 | Encolar | Villager (Male) |
| 9:30 | Construir | House |
| 10:10 | Investigar | Feudal Age |
| 10:10 | Investigar | Feudal Age |
| 10:37 | Encolar | Villager (Male) |
| 11:56 | Construir | Farm |
| 11:59 | Construir | Farm |
| 12:01 | Construir | Farm |
| 12:05 | Construir | Farm |
| 12:06 | Construir | Farm |
| 12:13 | Encolar | Villager (Male) |
| 12:15 | Construir | Farm |
| 12:19 | Construir | Farm |
| 12:20 | Edad | Edad Feudal |
| 12:49 | Encolar | Villager (Male) |
| 12:58 | Construir | Farm |
| 13:01 | Construir | Farm |
| 13:04 | Construir | Farm |
| 13:05 | Encolar | Villager (Male) |
| 13:26 | Construir | Stone Wall |
| 13:38 | Encolar | Villager (Male) |
| 13:50 | Construir | Blacksmith |
| 13:54 | Encolar | Villager (Male) |
| 14:08 | Construir | House |
| 14:10 | Construir | House |
| 14:39 | Encolar | Villager (Male) |
| 14:51 | Construir | Market |
| 14:54 | Encolar | Villager (Male) |
| 15:21 | Investigar | Horse Collar |
| 15:44 | Investigar | Castle Age |
| 15:44 | Investigar | Castle Age |
| 16:54 | Construir | Farm |
| 17:51 | Encolar | Villager (Male) |
| 17:52 | Encolar | Villager (Male) |
| 18:24 | Edad | Edad de los Castillos |
| 18:33 | Construir | Town Center |
| 18:42 | Construir | Town Center |
| 18:48 | Encolar | Villager (Male) |
| 18:49 | Encolar | Villager (Male) |
| 19:23 | Investigar | Heavy Plow |
| 19:26 | Encolar | Villager (Male) |
| 19:43 | Construir | Monastery |
| 20:03 | Encolar | Villager (Male) |
| 20:03 | Encolar | Villager (Male) |
| 20:04 | Encolar | Villager (Male) |
| 20:04 | Encolar | Villager (Male) |
| 20:15 | Encolar | Villager (Male) |
| 20:16 | Encolar | Villager (Male) |
| 20:17 | Encolar | Villager (Male) |
| 20:19 | Encolar | Villager (Male) |
| 20:23 | Investigar | Gold Mining |
| 20:27 | Encolar | Monk |
| 20:34 | Investigar | Wheelbarrow |
| 20:36 | Encolar | Villager (Male) |
| 20:36 | Encolar | Villager (Male) |
| 20:43 | Construir | Lumber Camp |
| 20:47 | Encolar | Villager (Male) |
| 21:10 | Encolar | Villager (Male) |
| 21:12 | Encolar | Villager (Male) |
| 21:45 | Encolar | Villager (Male) |
| 21:46 | Encolar | Villager (Male) |
| 21:46 | Encolar | Villager (Male) |
| 22:05 | Construir | House |
| 22:06 | Construir | House |
| 22:08 | Construir | House |
| 22:09 | Construir | House |
| 22:29 | Construir | Farm |
| 22:32 | Encolar | Villager (Male) |
| 22:41 | Encolar | Villager (Male) |
| 22:41 | Encolar | Villager (Male) |
| 22:56 | Encolar | Villager (Male) |
| 22:56 | Encolar | Villager (Male) |
| 23:09 | Construir | Farm |
| 23:11 | Construir | Farm |
| 23:15 | Construir | Farm |
| 23:15 | Encolar | Villager (Male) |
| 23:16 | Encolar | Villager (Male) |
| 23:16 | Encolar | Villager (Male) |
| 23:31 | Construir | University |
| 23:35 | Construir | Farm |
| 23:37 | Construir | Farm |
| 23:40 | Construir | Farm |
| 23:45 | Encolar | Villager (Male) |
| 23:48 | Encolar | Villager (Male) |
| 23:51 | Encolar | Villager (Male) |
| 23:55 | Construir | Farm |
| 24:08 | Construir | Farm |
| 24:12 | Construir | Farm |
| 24:14 | Encolar | Villager (Male) |
| 24:15 | Encolar | Villager (Male) |
| 24:15 | Encolar | Villager (Male) |
| 24:15 | Encolar | Villager (Male) |
| 24:20 | Construir | Farm |
| 24:34 | Construir | Farm |
| 24:37 | Construir | Farm |
| 24:40 | Encolar | Villager (Male) |
| 24:42 | Encolar | Villager (Male) |
| 24:46 | Construir | Farm |
| 24:51 | Construir | Farm |
| 24:54 | Encolar | Villager (Male) |
| 25:02 | Construir | Farm |
| 25:08 | Encolar | Villager (Male) |
| 25:08 | Encolar | Villager (Male) |
| 25:08 | Encolar | Villager (Male) |
| 25:12 | Construir | Farm |
| 25:14 | Construir | Farm |
| 25:20 | Construir | House |
Cronología de la partida
| 1:35 | rascal · wall_segment Palisade Wall x8 |
| 2:06 | princofczech · wall_segment Palisade Wall x6 |
| 2:42 | rascal · wall_segment Palisade Wall x1 |
| 3:32 | princofczech · wall_segment Palisade Wall x6 |
| 12:20 | rascal · age_up feudal |
| 12:53 | princofczech · age_up feudal |
| 13:26 | rascal · wall_segment Stone Wall x7 |
| 16:23 | princofczech · age_up castle |
| 18:24 | rascal · age_up castle |
| 18:38 | rascal · first_market_sell 100 wood |
| 18:39 | rascal · first_market_buy 100 stone |
| 19:43 | rascal · first_building Monastery |
| 21:53 | princofczech · first_building Monastery |
| 23:59 | princofczech · first_building Castle |
| 25:46 | rascal · first_building Castle |
| 26:23 | princofczech · first_building Siege Workshop |
| 26:37 | princofczech · first_building Barracks |
| 27:11 | rascal · first_building Barracks |
| 27:19 | princofczech · age_up imperial |
| 27:40 | princofczech · first_market_buy 100 wood |
| 31:13 | rascal · age_up imperial |
| 33:13 | rascal · first_building Stable |
| 34:30 | rascal · first_building Siege Workshop |
| 36:06 | princofczech · first_market_sell 500 wood |
| 36:31 | rascal · wall_segment Stone Wall x8 |
| 37:30 | princofczech · first_building Stable |
| 39:27 | princofczech · wall_segment Stone Wall x12 |
| 39:32 | princofczech · wall_segment Stone Wall x4 |
| 39:33 | princofczech · wall_segment Stone Wall x3 |
| 46:35 | rascal · wall_segment Stone Wall x2 |
| 47:15 | rascal · wall_segment Stone Wall x4 |
| 48:14 | rascal · wall_segment Stone Wall x5 |
| 49:45 | rascal · wall_segment Stone Wall x7 |
| 49:48 | rascal · wall_segment Stone Wall x2 |
| 52:57 | rascal · wall_segment Stone Wall x6 |
| 54:36 | princofczech · resign |
[ ANÁLISIS IA · 1 CRÉDITO ]
¿Qué pasó realmente en esta partida?
Wolo.gg analiza cada decisión: build order, eco, micro, errores típicos por bracket. Análisis personalizado por WhatsApp o Discord en 30 segundos.
Guía civ
Eslavos
Perfil
Jugador #1056570